APP
JOHNSON CITY CARDINALS @ PHILADELPHIA (APP) PHILLIES
08/19/2048
 
TOP OF THE 1ST
Johnson City Cardinals batting - Pitching for Philadelphia (APP) Phillies : LHP Cesar Andrade
Pitching: LHP Cesar Andrade
Batting: RHB Chris Rouleau 0-0: Ball
1-0: Called Strike
1-1: SINGLE (Line Drive, 89S, EV 106.2 MPH)
Batting: SHB Justin Houser 0-0: Ball
1-0: Ball
2-0: Ball
3-0: Called Strike
3-1: Base on Balls
Chris Rouleau to second
Batting: RHB McGwire Jones 0-0: Swinging Strike
0-1: Ball
1-1: Fly out, F8 (Flyball, 8RS, EV 86.2 MPH)
Batting: LHB Ignacio Ocampo 0-0: Called Strike
Chris Rouleau steals 3rd base
Justin Houser to second
0-1: Ball
1-1: Ball
2-1: Ball
Wild Pitch!
Chris Rouleau scores
Justin Houser to third
3-1: SINGLE (Groundball, 34D, EV 100.0 MPH) (infield hit)
Justin Houser scores
Batting: RHB Kyle Burns 0-0: Called Strike
Ignacio Ocampo is caught stealing 2nd base 2-4
0-1: Ball
1-1: Ball
2-1: Called Strike
2-2: Foul Ball, location: 2F
2-2: Strikes out swinging
Top of the 1st over - 2 runs, 2 hits, 0 errors, 0 left on base; Johnson City 2 - Philadelphia (APP) 0
BOTTOM OF THE 1ST
Philadelphia (APP) Phillies batting - Pitching for Johnson City Cardinals : LHP Matt Rossiter
Pitching: LHP Matt Rossiter
Batting: LHB Jonathan Roman 0-0: Ball
1-0: Called Strike
1-1: Ground out 2-3 (Groundball, 13S, EV 69.4 MPH)
Batting: RHB Dave Gallegos 0-0: Swinging Strike
0-1: Ball
1-1: Ball
2-1: Ball
3-1: Swinging Strike
3-2: Base on Balls
Batting: LHB Rich Kuehne 0-0: Swinging Strike
0-1: Swinging Strike
0-2: Strikes out swinging
Batting: SHB Brett St. Clair 0-0: Ball
1-0: Swinging Strike
1-1: Foul Ball, location: 2F
1-2: Foul Ball, location: 2F
1-2: Ball
2-2: Ball
3-2: Base on Balls
Dave Gallegos to second
Batting: RHB Joel Gomez 0-0: Ball
1-0: Ball
2-0: DOUBLE (Line Drive, 9LS, EV 101.9 MPH)
Dave Gallegos scores
Brett St. Clair to third
Runner from 3rd tries for Home, SAFE, throw by RF to trailing runner, SAFE at third!
Batting: RHB Juan Valadez 0-0: Called Strike
0-1: 2-RUN HOME RUN (Flyball, 7D, EV 93.8 MPH), Distance : 375 ft
Batting: RHB Simon Mergeni 0-0: Ball
1-0: Ball
2-0: Called Strike
2-1: Foul Ball, location: 2F
2-2: Fly out, F9 (Flyball, 89S, EV 90.6 MPH)
Bottom of the 1st over - 4 runs, 2 hits, 0 errors, 0 left on base; Johnson City 2 - Philadelphia (APP) 4
TOP OF THE 2ND
Johnson City Cardinals batting - Pitching for Philadelphia (APP) Phillies : LHP Cesar Andrade
Batting: RHB Juan Carrillo 0-0: Swinging Strike
0-1: Bunt for hit to 2R - play at first, batter safe!
Batting: RHB Jonathan Winkler 0-0: Called Strike
0-1: Ball
Juan Carrillo steals 2nd, throwing error, E2
Juan Carrillo to third
1-1: Foul Ball, location: 2F
1-2: Ball
2-2: Foul Ball, location: 2F
2-2: Fly out, F3 (Popup, 34S, EV 76.2 MPH)
Batting: RHB Johnny Lowe 0-0: Ball
1-0: Ball
2-0: Called Strike
2-1: Ball
3-1: SINGLE (Groundball, P, EV 86.9 MPH) (infield hit)
Juan Carrillo scores
Batting: RHB Pablo Nunez 0-0: SINGLE (Groundball, P, EV 88.1 MPH) (infield hit)
Johnny Lowe to second
Batting: RHB Chris Rouleau 0-0: Ball
1-0: Called Strike
1-1: Fielders Choice at 2nd, 4-6 (Groundball, 4M, EV 84.4 MPH)
Johnny Lowe to third
Batting: SHB Justin Houser 0-0: Ball
1-0: Called Strike
1-1: 3-RUN HOME RUN (Flyball, 7D, EV 92.5 MPH), Distance : 363 ft
Batting: RHB McGwire Jones 0-0: Called Strike
0-1: Foul Ball, location: 2F
0-2: Ball
1-2: Strikes out looking
Top of the 2nd over - 4 runs, 4 hits, 1 error, 0 left on base; Johnson City 6 - Philadelphia (APP) 4
BOTTOM OF THE 2ND
Philadelphia (APP) Phillies batting - Pitching for Johnson City Cardinals : LHP Matt Rossiter
Batting: LHB Travis Hahn 0-0: Ball
1-0: Ball
2-0: Called Strike
2-1: Fly out, F8 (Flyball, 8RXD, EV 111.2 MPH)
Batting: RHB Rafael Soto 0-0: Foul Ball, location: 2F
0-1: Ground out U3 (Groundball, 34, EV 77.5 MPH)
Batting: LHB Jonathan Roman 0-0: Ball
1-0: Ball
2-0: Foul Ball, location: 2F
2-1: Ball
3-1: Foul Ball, location: 2F
3-2: Base on Balls
Batting: RHB Dave Gallegos 0-0: Ball
1-0: Foul Ball, location: 2F
1-1: Ball
Jonathan Roman is caught stealing 2nd base 2-4
Bottom of the 2nd over - 0 runs, 0 hits, 0 errors, 0 left on base; Johnson City 6 - Philadelphia (APP) 4
TOP OF THE 3RD
Johnson City Cardinals batting - Pitching for Philadelphia (APP) Phillies : LHP Cesar Andrade
Batting: LHB Ignacio Ocampo 0-0: Ball
1-0: Called Strike
1-1: Swinging Strike
1-2: Hit by Pitch
Pitching: RHP Dave Gomez
Batting: RHB Kyle Burns 0-0: Ball
1-0: Swinging Strike
1-1: Grounds into double play, 4-6-3 (Groundball, 4, EV 103.1 MPH)
Batting: RHB Juan Carrillo 0-0: Ball
1-0: Fly out, F7 (Flyball, 78D, EV 100.6 MPH)
Top of the 3rd over - 0 runs, 0 hits, 0 errors, 0 left on base; Johnson City 6 - Philadelphia (APP) 4
BOTTOM OF THE 3RD
Philadelphia (APP) Phillies batting - Pitching for Johnson City Cardinals : LHP Matt Rossiter
Batting: RHB Dave Gallegos 0-0: Fly out, F6 (Line Drive, 56, EV 68.8 MPH)
Batting: LHB Rich Kuehne 0-0: Foul Ball, location: 2F
0-1: Foul Ball, location: 2F
0-2: Ball
1-2: Foul Ball, location: 2F
1-2: Foul Ball, location: 2F
1-2: Foul Ball, location: 2F
1-2: Foul Ball, location: 2F
1-2: Foul Ball, location: 2F
1-2: Ball
2-2: Foul Ball, location: 2F
2-2: Ball
3-2: SOLO HOME RUN (Flyball, 7LD, EV 102.5 MPH), Distance : 381 ft
Batting: SHB Brett St. Clair 0-0: Ball
1-0: Ground out 5-3 (Groundball, 56, EV 85.6 MPH)
Batting: RHB Joel Gomez 0-0: Called Strike
0-1: Ball
1-1: SINGLE (Groundball, 56D, EV 105.0 MPH)
Batting: RHB Juan Valadez 0-0: Called Strike
0-1: Ball
1-1: Ground out 4-3 (Groundball, 4, EV 103.8 MPH)
Bottom of the 3rd over - 1 run, 2 hits, 0 errors, 1 left on base; Johnson City 6 - Philadelphia (APP) 5
TOP OF THE 4TH
Johnson City Cardinals batting - Pitching for Philadelphia (APP) Phillies : RHP Dave Gomez
Batting: RHB Jonathan Winkler 0-0: Called Strike
0-1: Foul Ball, location: 2F
0-2: Foul Ball, location: 2F
0-2: Strikes out swinging
Batting: RHB Johnny Lowe 0-0: Foul Ball, location: 2F
0-1: Swinging Strike
0-2: Fly out, F7 (Flyball, 78M, EV 80.6 MPH)
Batting: RHB Pablo Nunez 0-0: Called Strike
0-1: Swinging Strike
0-2: Strikes out swinging
Top of the 4th over - 0 runs, 0 hits, 0 errors, 0 left on base; Johnson City 6 - Philadelphia (APP) 5
BOTTOM OF THE 4TH
Philadelphia (APP) Phillies batting - Pitching for Johnson City Cardinals : LHP Matt Rossiter
Batting: RHB Simon Mergeni 0-0: Swinging Strike
0-1: Ball
1-1: Ball
2-1: Swinging Strike
2-2: Strikes out swinging
Batting: LHB Travis Hahn 0-0: Ball
1-0: Ball
2-0: Ball
3-0: Called Strike
3-1: Base on Balls
Batting: RHB Rafael Soto 0-0: Called Strike
0-1: Ball
1-1: Ball
2-1: Ball
3-1: Foul Ball, location: 2F
3-2: Strikes out swinging
Travis Hahn is caught stealing 2nd base 2-4
Batter strikes out.
Bottom of the 4th over - 0 runs, 0 hits, 0 errors, 0 left on base; Johnson City 6 - Philadelphia (APP) 5
TOP OF THE 5TH
Johnson City Cardinals batting - Pitching for Philadelphia (APP) Phillies : RHP Dave Gomez
Batting: RHB Chris Rouleau 0-0: Swinging Strike
0-1: Bunted foul
0-2: Ball
1-2: Fly out, F8 (Flyball, 8LM, EV 72.5 MPH)
Batting: SHB Justin Houser 0-0: Foul Ball, location: 2F
0-1: Ball
1-1: Ball
2-1: Foul Ball, location: 2F
2-2: Ground out 1-3 (Groundball, 13S, EV 71.9 MPH)
Pitching: LHP Marc Haigler
Batting: RHB McGwire Jones 0-0: Called Strike
0-1: Ball
1-1: Ball
2-1: Swinging Strike
2-2: Foul Ball, location: 2F
2-2: Strikes out swinging, 2-3 out at first.
Top of the 5th over - 0 runs, 0 hits, 0 errors, 0 left on base; Johnson City 6 - Philadelphia (APP) 5
BOTTOM OF THE 5TH
Philadelphia (APP) Phillies batting - Pitching for Johnson City Cardinals : LHP Matt Rossiter
Pitching: RHP Nick Durham
Batting: LHB Jonathan Roman 0-0: Called Strike
0-1: Ball
1-1: Swinging Strike
1-2: Strikes out swinging
Batting: RHB Dave Gallegos 0-0: Called Strike
0-1: Swinging Strike
0-2: Strikes out swinging
Batting: LHB Rich Kuehne 0-0: Called Strike
0-1: Ball
1-1: Foul Ball, location: 2F
1-2: Strikes out looking
Bottom of the 5th over - 0 runs, 0 hits, 0 errors, 0 left on base; Johnson City 6 - Philadelphia (APP) 5
TOP OF THE 6TH
Johnson City Cardinals batting - Pitching for Philadelphia (APP) Phillies : LHP Marc Haigler
Batting: LHB Ignacio Ocampo 0-0: Ball
1-0: Called Strike
1-1: Ball
2-1: Swinging Strike
2-2: Ball
3-2: Strikes out swinging
Batting: RHB Kyle Burns 0-0: Called Strike
0-1: Ball
1-1: Ground out 6-3 (Groundball, 6S, EV 71.2 MPH)
Batting: RHB Juan Carrillo 0-0: Ball
1-0: Ball
2-0: Ball
3-0: Base on Balls
Batting: RHB Jonathan Winkler 0-0: Foul Ball, location: 2F
0-1: Ball
1-1: Foul Ball, location: 2F
1-2: Ball
2-2: Strikes out looking
Top of the 6th over - 0 runs, 0 hits, 0 errors, 1 left on base; Johnson City 6 - Philadelphia (APP) 5
BOTTOM OF THE 6TH
Philadelphia (APP) Phillies batting - Pitching for Johnson City Cardinals : RHP Nick Durham
Batting: SHB Brett St. Clair 0-0: Ball
1-0: Called Strike
1-1: Ground out 6-3 (Groundball, 6, EV 83.8 MPH)
Batting: RHB Joel Gomez 0-0: Ball
1-0: Called Strike
1-1: Foul Ball, location: 2F
1-2: Strikes out swinging
Batting: RHB Juan Valadez 0-0: Ball
1-0: Called Strike
1-1: Foul Ball, location: 2F
1-2: Strikes out swinging
Bottom of the 6th over - 0 runs, 0 hits, 0 errors, 0 left on base; Johnson City 6 - Philadelphia (APP) 5
TOP OF THE 7TH
Johnson City Cardinals batting - Pitching for Philadelphia (APP) Phillies : LHP Marc Haigler
Batting: RHB Johnny Lowe 0-0: Ball
1-0: Called Strike
1-1: Swinging Strike
1-2: Strikes out swinging
Pitching: LHP Ray Paul
Batting: RHB Pablo Nunez 0-0: Ball
1-0: Called Strike
1-1: Ball
2-1: Ball
3-1: SOLO HOME RUN (Flyball, 78XD, EV 103.1 MPH), Distance : 405 ft
Batting: RHB Chris Rouleau 0-0: Swinging Strike
0-1: Ball
1-1: Ball
2-1: Called Strike
2-2: Ball
3-2: Foul Ball, location: 2F
3-2: Base on Balls
Batting: SHB Justin Houser 0-0: Ball
1-0: Ball
2-0: Ball
3-0: Called Strike
3-1: Swinging Strike
3-2: Base on Balls
Chris Rouleau to second
Pitching: RHP Tim Starks
Batting: RHB McGwire Jones 0-0: Swinging Strike
0-1: DOUBLE (Groundball, 5L, EV 107.5 MPH)
Chris Rouleau scores
Justin Houser to third
Runner from 3rd tries for Home, SAFE, throw by LF to home
Batting: LHB Ignacio Ocampo 0-0: Foul Ball, location: 2F
0-1: Ground out 4-3 (Groundball, 4, EV 100.6 MPH)
McGwire Jones to third
Batting: RHB Kyle Burns 0-0: Called Strike
0-1: Ball
1-1: Ball
2-1: Ball
3-1: Foul Ball, location: 2F
3-2: SINGLE (Line Drive, 8LS, EV 103.1 MPH)
McGwire Jones scores
Batting: RHB Juan Carrillo 0-0: SINGLE (Line Drive, 78S, EV 94.4 MPH)
Kyle Burns to second
Batting: RHB Jonathan Winkler 0-0: Foul Ball, location: 2F
0-1: Foul Ball, location: 2F
0-2: Strikes out looking
Top of the 7th over - 4 runs, 4 hits, 0 errors, 2 left on base; Johnson City 10 - Philadelphia (APP) 5
BOTTOM OF THE 7TH
Philadelphia (APP) Phillies batting - Pitching for Johnson City Cardinals : RHP Nick Durham
Batting: RHB Simon Mergeni 0-0: Called Strike
0-1: Ball
1-1: Ball
2-1: Ball
3-1: Foul Ball, location: 2F
3-2: Base on Balls
Batting: LHB Travis Hahn 0-0: Ball
1-0: Foul Ball, location: 2F
1-1: Ball
2-1: Swinging Strike
2-2: Fielders Choice at 2nd, 6-4 (Groundball, 6, EV 86.9 MPH)
Batting: RHB Rafael Soto 0-0: Called Strike
0-1: Swinging Strike
0-2: Ball
1-2: Ball
2-2: Strikes out swinging
Pitching: RHP Steve Langlois
Batting: LHB Jonathan Roman 0-0: Called Strike
0-1: Ball
Travis Hahn steals 2nd base
1-1: Ball
2-1: Called Strike
2-2: Foul Ball, location: 2F
2-2: Foul Ball, location: 2F
2-2: TRIPLE (Flyball, 78XD, EV 91.2 MPH)
Travis Hahn scores
Batting: RHB Dave Gallegos 0-0: Swinging Strike
0-1: Ball
1-1: Foul Ball, location: 2F
1-2: Ball
2-2: Strikes out swinging
Bottom of the 7th over - 1 run, 1 hit, 0 errors, 1 left on base; Johnson City 10 - Philadelphia (APP) 6
TOP OF THE 8TH
Johnson City Cardinals batting - Pitching for Philadelphia (APP) Phillies : RHP Tim Starks
Batting: RHB Johnny Lowe 0-0: Ball
1-0: Ball
2-0: Ball
3-0: Base on Balls
Pitching: RHP Hugo Rodriguez
Batting: RHB Pablo Nunez 0-0: Ball
1-0: Bunt missed!
1-1: Bunt missed!
1-2: Ball
2-2: Ball
3-2: 2-RUN HOME RUN (Flyball, 78XD, EV 99.4 MPH), Distance : 398 ft
Batting: RHB Chris Rouleau 0-0: Called Strike
0-1: Ball
1-1: Ball
2-1: SINGLE (Line Drive, 56, EV 108.1 MPH)
Batting: SHB Justin Houser 0-0: Ball
1-0: 2-RUN HOME RUN (Flyball, 7D, EV 98.8 MPH), Distance : 394 ft
Batting: RHB McGwire Jones 0-0: Called Strike
0-1: Ball
1-1: Ball
2-1: Hit by Pitch
Batting: LHB Ignacio Ocampo 0-0: 2-RUN HOME RUN (Flyball, 89XD, EV 99.4 MPH), Distance : 390 ft
Pitching: RHP Bobby Acevedo
Batting: RHB Kyle Burns 0-0: Ball
1-0: Ball
2-0: Ball
3-0: Called Strike
3-1: Fly out, F4 (Popup, 4M, EV 59.4 MPH)
Batting: RHB Juan Carrillo 0-0: Ball
1-0: Ball
2-0: Ball
3-0: Base on Balls
Batting: RHB Jonathan Winkler 0-0: Called Strike
0-1: Foul Ball, location: 2F
0-2: Strikes out swinging
Batting: RHB Johnny Lowe 0-0: Called Strike
0-1: Ball
1-1: Swinging Strike
1-2: Foul Ball, location: 2F
1-2: Foul Ball, location: 2F
1-2: Foul Ball, location: 2F
1-2: Ball
2-2: 2-RUN HOME RUN (Flyball, 78XD, EV 101.9 MPH), Distance : 402 ft
Pitching: RHP Victor Estrada
Batting: RHB Pablo Nunez 0-0: Fly out, F8 (Line Drive, 8LM, EV 103.1 MPH)
Top of the 8th over - 8 runs, 5 hits, 0 errors, 0 left on base; Johnson City 18 - Philadelphia (APP) 6
BOTTOM OF THE 8TH
Philadelphia (APP) Phillies batting - Pitching for Johnson City Cardinals : RHP Steve Langlois
Pinch Hitting: RHB Zach Slot 0-0: Ground out 6-3 (Groundball, 6, EV 82.5 MPH)
Batting: SHB Brett St. Clair 0-0: Ball
1-0: Called Strike
1-1: Ball
2-1: Fly out, F7 (Flyball, 7D, EV 90.0 MPH)
Pinch Hitting: RHB Alexis Graciani 0-0: Ball
1-0: Ball
2-0: Foul Ball, location: 2F
2-1: Ground out 4-3 (Groundball, 34, EV 81.2 MPH)
Bottom of the 8th over - 0 runs, 0 hits, 0 errors, 0 left on base; Johnson City 18 - Philadelphia (APP) 6
TOP OF THE 9TH
Johnson City Cardinals batting - Pitching for Philadelphia (APP) Phillies : RHP Victor Estrada
Now at 1B: Alexis Graciani
Now in LF: Zach Slot
Batting: RHB Chris Rouleau 0-0: Foul Ball, location: 2F
0-1: Ball
1-1: Fly out, F8 (Flyball, 8LM, EV 92.5 MPH)
Batting: SHB Justin Houser 0-0: Called Strike
0-1: Called Strike
0-2: Ground out U3 (Groundball, 3, EV 83.8 MPH)
Batting: RHB McGwire Jones 0-0: Foul Ball, location: 2F
0-1: Called Strike
0-2: Ball
1-2: SINGLE (Groundball, 6MD, EV 103.8 MPH)
Batting: LHB Ignacio Ocampo 0-0: Ball
1-0: Swinging Strike
1-1: Ball
Wild Pitch!
McGwire Jones to second
2-1: Swinging Strike
2-2: Foul Ball, location: 2F
2-2: Foul Ball, location: 2F
2-2: Foul Ball, location: 2F
2-2: Ground out 1-3 (Groundball, 13S, EV 73.8 MPH)
Top of the 9th over - 0 runs, 1 hit, 0 errors, 1 left on base; Johnson City 18 - Philadelphia (APP) 6
BOTTOM OF THE 9TH
Philadelphia (APP) Phillies batting - Pitching for Johnson City Cardinals : RHP Steve Langlois
Batting: RHB Juan Valadez 0-0: Called Strike
0-1: Foul Ball, location: 2F
0-2: Foul Ball, location: 2F
0-2: Strikes out swinging
Batting: RHB Simon Mergeni 0-0: Called Strike
0-1: Ball
1-1: Ground out 6-3 (Groundball, 56, EV 80.0 MPH)
Batting: LHB Travis Hahn 0-0: Ball
1-0: Foul Ball, location: 2F
1-1: Foul Ball, location: 2F
1-2: Ball
2-2: Foul Ball, location: 2F
2-2: Strikes out looking
Bottom of the 9th over - 0 runs, 0 hits, 0 errors, 0 left on base; Johnson City 18 - Philadelphia (APP) 6
Tuesday, March 28th , 2023 - OOTP Baseball 23.10 Build 110